Map: [ESL] Gresvan

Players

ForJumy

  • Race: Protoss Protoss
  • Spawn Location: 5:00

Spirit - Winner!

  • Race: Terran Terran
  • Spawn Location: 11:00

Event: ESL SC2 Masters 2023 Summer (Regionals)

VOD

Have the link to the VOD?

Description

Time

  • Played on: May 2, 2023, 9:53 a.m.
  • Length: 8:27

All games in this series

Show
View Real Time Build Order
Export as new Build Order

ForJumy Protoss 

Build Orders: 1 Gate Expand, Zealot Archon, Dark Templar Rush 

Get SALT Encoding   

  12  0:00  Probe  
  13  0:12  Probe  
  14  0:17  Pylon  
  14  0:24  Probe  
  15  0:35  Gateway  
  15  0:36  Probe (Chrono Boost)  
  16  0:46  Probe (Chrono Boost), Assimilator  
  17  0:51  Probe (Chrono Boost)  
  18  1:03  Probe  
  19  1:15  Probe  
  20  1:22  Cybernetics Core  
  20  1:34  Nexus  
  20  1:43  Probe, Pylon  
  21  1:53  Assimilator  
  21  1:56  Probe  
  21  1:59  Adept (Chrono Boost)  
  24  2:03  Warp Gate  
  24  2:08  Probe  
  25  2:20  Probe  
  25  2:21  Twilight Council  
  26  2:26  Adept  
  28  2:32  Probe  
  29  2:43  Pylon  
  29  2:46  Probe (Chrono Boost)  
  29  2:49  Probe (Chrono Boost)  
  31  2:56  Probe (Chrono Boost)  
  33  2:58  Probe (Chrono Boost)  
  33  3:04  Dark Shrine  
  34  3:09  Probe (Chrono Boost)  
  34  3:10  Probe (Chrono Boost)  
  35  3:18  Gateway  
  35  3:21  Probe (Chrono Boost)  
  35  3:26  Gateway  
  37  3:27  Probe (Chrono Boost)  
  37  3:29  Probe (Chrono Boost)  
  38  3:34  Probe  
  38  3:39  Robotics Facility  
  38  3:40  Probe  
  40  3:47  Probe  
  39  3:52  Probe  
  39  3:53  Stalker  
  42  3:59  Probe  
  43  4:04  Probe  
  43  4:09  Assimilator  
  44  4:11  Probe, Assimilator  
  44  4:16  Dark Templar x2  
  49  4:20  Probe  
  49  4:23  Probe  
  51  4:27  Pylon  
  51  4:40  Probe  
  51  4:41  Pylon, Observer (Chrono Boost)  
  51  4:45  Charge  
  51  4:46  Probe  
  51  4:52  Probe  
  53  4:58  Probe  
  54  5:00  Nexus  
  54  5:04  Shield Battery  
  54  5:08  Stalker x2  
  54  5:10  Probe  
  54  5:13  Probe  
  60  5:20  Pylon  
  60  5:23  Observer  
  60  5:25  Pylon  
  61  5:31  Gateway  
  61  5:35  Gateway  
  61  5:41  Stalker  
  61  5:42  Stalker  
  65  5:43  Probe  
  65  5:48  Pylon  
  66  5:52  Immortal  
  67  6:09  Probe  
  67  6:12  Gateway x2  
  67  6:17  Gateway  
  67  6:18  Gateway  
  67  6:21  Dark Templar  
  67  6:22  Dark Templar  
  71  6:27  Sentry  
  71  6:28  Warp Prism (Chrono Boost), Archon  
  75  6:36  Zealot  
  75  6:40  Gateway  
  75  6:51  Dark Templar  
  75  6:52  Dark Templar  
  79  6:54  Dark Templar  
  79  6:55  Dark Templar  
  79  6:56  Archon  
  79  6:59  Archon  
  79  7:00  Shield Battery  
  83  7:07  Zealot x2  
  83  7:08  Pylon  
  87  7:17  Zealot x3  
  87  7:18  Zealot  
  93  7:37  Zealot  
  91  7:47  Zealot x5  
  97  7:58  Sentry x4  
  97  8:01  Pylon  
  60  8:25  Zealot x4  
Show
View Real Time Build Order
Export as new Build Order

Spirit Terran - Winner!

Build Orders: Banshee Rush 

Get SALT Encoding   

  12  0:00  SCV  
  13  0:12  SCV  
  14  0:17  Supply Depot  
  14  0:24  SCV  
  15  0:38  SCV  
  15  0:40  Barracks  
  16  0:43  Refinery  
  16  0:50  SCV  
  17  1:02  SCV  
  18  1:14  SCV  
  19  1:26  Marine  
  19  1:27  Orbital Command  
  20  1:39  Command Center  
  20  1:44  Reaper  
  21  1:50  Supply Depot  
  21  1:53  SCV  
  22  2:05  SCV  
  22  2:08  Factory  
  23  2:16  Marine  
  23  2:17  SCV  
  23  2:21  Bunker  
  25  2:23  Refinery  
  26  2:30  SCV  
  26  2:35  Barracks Reactor  
  26  2:42  SCV  
  27  2:52  Hellion  
  27  2:54  Orbital Command, SCV  
  30  2:59  Starport  
  30  3:06  SCV  
  30  3:12  Marine x2  
  33  3:14  Factory Tech Lab  
  33  3:19  SCV  
  34  3:21  SCV  
  35  3:30  Marine x2  
  35  3:31  SCV  
  35  3:33  SCV  
  39  3:40  Factory Tech Lab  
  39  3:43  SCV  
  39  3:45  SCV  
  39  3:48  Cloaking Field, Banshee  
  41  3:50  Marine x2  
  41  3:55  Barracks, SCV  
  44  3:56  Engineering Bay  
  44  3:58  SCV  
  45  4:05  Supply Depot  
  45  4:07  SCV, Siege Tank  
  49  4:12  SCV  
  49  4:15  Marine  
  49  4:16  Supply Depot  
  51  4:19  SCV  
  51  4:24  Barracks  
  52  4:26  Missile Turret  
  53  4:31  SCV  
  53  4:36  Raven  
  52  4:38  SCV, Missile Turret  
  52  4:40  Marine  
  52  4:42  Marine  
  52  4:44  SCV  
  56  4:49  Refinery  
  56  4:50  SCV  
  57  4:56  SCV  
  57  4:57  Stimpack  
  57  4:58  Marine  
  59  5:03  SCV  
  59  5:04  Refinery  
  59  5:06  Supply Depot  
  60  5:10  Terran Infantry Weapons Level 1  
  60  5:12  SCV  
  61  5:17  SCV  
  62  5:22  Marine x4  
  62  5:26  SCV, Combat Shield  
  67  5:29  Supply Depot  
  67  5:30  SCV  
  67  5:37  Starport Reactor, Factory Reactor  
  67  5:38  SCV  
  67  5:40  Marine x2  
  67  5:41  Marauder  
  67  5:42  SCV  
  73  5:48  Marauder  
  71  5:52  Supply Depot  
  71  5:55  Supply Depot  
  71  5:58  Marine x2  
  71  6:02  Marauder  
  75  6:09  Marauder  
  77  6:15  Marine  
  77  6:16  Medivac x2  
  77  6:18  Marine  
  83  6:19  Command Center  
  83  6:20  Widow Mine  
  83  6:23  Widow Mine, Marauder  
  88  6:30  Marauder  
  90  6:33  Marine  
  90  6:35  Marine  
  90  6:37  Concussive Shells  
  92  6:41  Supply Depot  
  92  6:44  Supply Depot  
  92  6:45  Marauder  
  92  6:46  Medivac  
  96  6:51  Marine  
  96  6:52  Marauder  
  96  6:53  Marine  
  100  6:55  SCV x2  
  102  7:03  Widow Mine x2  
  102  7:06  Marauder, Supply Depot  
  108  7:08  Supply Depot  
  108  7:09  Marine  
  108  7:11  Marine, Medivac  
  108  7:13  SCV  
  113  7:16  Marauder, Medivac  
  113  7:20  SCV  
  118  7:27  Marine x2  
  118  7:28  SCV  
  121  7:33  Marine, SCV  
  123  7:37  Orbital Command  
  123  7:38  Marauder  
  123  7:41  Widow Mine, Medivac  
  127  7:45  Marine  
  127  7:46  Marauder, Medivac  
  127  7:49  SCV  
  127  7:51  Marine  
  128  7:59  Marauder, Supply Depot  
  128  8:03  Marine  
  131  8:08  Marine  
  136  8:13  SCV  
Tags
 
Add a new tag
Caveats
  • Supply blocks, unpowered buildings, or Contaminate may cause inaccurate times.
  • Supply counts are checked every 10 seconds.